| TOP OF THE 1ST |
|
Windy City ThunderBolts batting - Pitching for Niagara Falls Phantoms : LHP Brendan Thompson
|
|
Pitching: LHP Brendan Thompson
|
|
|
Batting: RHB Joe Thomas
|
0-0: Called Strike 0-1: Foul Ball, location: 2F 0-2: Ball 1-2: Ball 2-2: Ground out U3 (Groundball, 3, EV 108.1 MPH)
|
|
Batting: SHB Dan Strickland
|
0-0: Called Strike 0-1: Ball 1-1: Ball 2-1: Foul Ball, location: 2F 2-2: Ball 3-2: Foul Ball, location: 2F 3-2: Fly out, F8 (Line Drive, 8RS, EV 91.2 MPH)
|
|
Batting: RHB Eddie Dimas
|
0-0: Ball 1-0: Called Strike 1-1: Foul Ball, location: 2F 1-2: Strikes out swinging
|
| Top of the 1st over - 0 runs, 0 hits, 0 errors, 0 left on base; Windy City 0 - Niagara Falls 0 |
| BOTTOM OF THE 1ST |
|
Niagara Falls Phantoms batting - Pitching for Windy City ThunderBolts : RHP Jonathan Whisonant
|
|
Pitching: RHP Jonathan Whisonant
|
|
|
Batting: RHB Alfredo Mendez
|
0-0: Ball 1-0: Called Strike 1-1: Ball 2-1: Foul Ball, location: 2F 2-2: Ground out 6-3 (Groundball, 6, EV 107.5 MPH)
|
|
Batting: LHB Pete Cook
|
0-0: Called Strike 0-1: Ball 1-1: Ball 2-1: Called Strike 2-2: SINGLE (Groundball, 15S, EV 66.9 MPH) (infield hit)
|
|
Batting: RHB Chris Horton
|
0-0: Called Strike 0-1: Ball 1-1: Swinging Strike 1-2: Ball 2-2: Strikes out looking
|
|
Batting: RHB Peter Frankel
|
0-0: Ball 1-0: Fielders Choice at 2nd, 6-4 (Groundball, 56, EV 78.1 MPH)
|
| Bottom of the 1st over - 0 runs, 1 hit, 0 errors, 1 left on base; Windy City 0 - Niagara Falls 0 |
| TOP OF THE 2ND |
|
Windy City ThunderBolts batting - Pitching for Niagara Falls Phantoms : LHP Brendan Thompson
|
|
Batting: RHB Bellchior Osuna
|
0-0: Called Strike 0-1: Swinging Strike 0-2: Strikes out swinging
|
|
Batting: RHB Paul Holland
|
0-0: Ground out 6-3 (Groundball, 6, EV 88.1 MPH)
|
|
Batting: RHB Donovan Deason
|
0-0: Swinging Strike 0-1: Ball 1-1: Ball 2-1: Ball 3-1: Base on Balls
|
|
Batting: RHB Klaus Brown
|
0-0: Swinging Strike 0-1: Foul Ball, location: 2F 0-2: Strikes out swinging
|
| Top of the 2nd over - 0 runs, 0 hits, 0 errors, 1 left on base; Windy City 0 - Niagara Falls 0 |
| BOTTOM OF THE 2ND |
|
Niagara Falls Phantoms batting - Pitching for Windy City ThunderBolts : RHP Jonathan Whisonant
|
|
Batting: RHB Randy Joyce
|
0-0: Ball 1-0: Ball 2-0: Ground out 4-3 (Groundball, 4, EV 108.1 MPH)
|
|
Batting: SHB Bruce Shelton
|
0-0: Swinging Strike 0-1: Called Strike 0-2: Ball 1-2: Strikes out swinging
|
|
Batting: RHB Donald DeLisio
|
0-0: Called Strike 0-1: Called Strike 0-2: Fly out, F5 (Popup, 25, EV 78.8 MPH)
|
| Bottom of the 2nd over - 0 runs, 0 hits, 0 errors, 0 left on base; Windy City 0 - Niagara Falls 0 |
| TOP OF THE 3RD |
|
Windy City ThunderBolts batting - Pitching for Niagara Falls Phantoms : LHP Brendan Thompson
|
|
Batting: RHB Nhat Phong
|
0-0: Ground out 4-3 (Groundball, 4, EV 110.0 MPH)
|
|
Batting: RHB Sim Damit
|
0-0: Ball 1-0: SINGLE (Groundball, 4MD, EV 83.1 MPH) (infield hit)
|
|
Batting: RHB Joe Thomas
|
0-0: Ball 1-0: Called Strike 1-1: Ground out 5-3 (Groundball, 56S, EV 71.9 MPH) Sim Damit to second
|
|
Batting: SHB Dan Strickland
|
0-0: Foul Ball, location: 2F 0-1: Called Strike 0-2: Ball 1-2: Foul Ball, location: 2F 1-2: Ball 2-2: Foul Ball, location: 2F 2-2: Fly out, F4 (Line Drive, 4, EV 65.0 MPH)
|
| Top of the 3rd over - 0 runs, 1 hit, 0 errors, 1 left on base; Windy City 0 - Niagara Falls 0 |
| BOTTOM OF THE 3RD |
|
Niagara Falls Phantoms batting - Pitching for Windy City ThunderBolts : RHP Jonathan Whisonant
|
|
Batting: RHB Tatsuro Hamasaki
|
0-0: Ball 1-0: Called Strike 1-1: Ball 2-1: Foul Ball, location: 2F 2-2: Ball 3-2: Foul Ball, location: 2F 3-2: Base on Balls
|
|
Batting: SHB Ramon Werman
|
0-0: Ball 1-0: Called Strike Tatsuro Hamasaki is caught stealing 2nd base 2-6 1-1: Swinging Strike 1-2: Foul Ball, location: 2F 1-2: Strikes out looking
|
|
Batting: RHB Alfredo Mendez
|
0-0: Called Strike 0-1: Foul Ball, location: 2F 0-2: Ball 1-2: Ground out 4-3 (Groundball, 4, EV 84.4 MPH)
|
| Bottom of the 3rd over - 0 runs, 0 hits, 0 errors, 0 left on base; Windy City 0 - Niagara Falls 0 |
| TOP OF THE 4TH |
|
Windy City ThunderBolts batting - Pitching for Niagara Falls Phantoms : LHP Brendan Thompson
|
|
Batting: RHB Eddie Dimas
|
0-0: Foul Ball, location: 2F 0-1: Ball 1-1: Ground out 4-3 (Groundball, 34, EV 90.0 MPH)
|
|
Batting: RHB Bellchior Osuna
|
0-0: Called Strike 0-1: Called Strike 0-2: Ball 1-2: Foul Ball, location: 2F 1-2: Foul Ball, location: 2F 1-2: Strikes out swinging
|
|
Batting: RHB Paul Holland
|
0-0: Fly out, F7 (Flyball, 7S, EV 88.8 MPH)
|
| Top of the 4th over - 0 runs, 0 hits, 0 errors, 0 left on base; Windy City 0 - Niagara Falls 0 |
| BOTTOM OF THE 4TH |
|
Niagara Falls Phantoms batting - Pitching for Windy City ThunderBolts : RHP Jonathan Whisonant
|
|
Batting: LHB Pete Cook
|
0-0: Foul Ball, location: 2F 0-1: Called Strike 0-2: Ball 1-2: Foul Ball, location: 2F 1-2: Strikes out swinging
|
|
Batting: RHB Chris Horton
|
0-0: Foul Ball, location: 2F 0-1: Swinging Strike 0-2: Ball 1-2: SOLO HOME RUN (Line Drive, 7D, EV 100.0 MPH), Distance : 385 ft
|
|
Batting: RHB Peter Frankel
|
0-0: Ball 1-0: SOLO HOME RUN (Flyball, 7LD, EV 91.2 MPH), Distance : 329 ft
|
|
Batting: RHB Randy Joyce
|
0-0: Called Strike 0-1: Ball 1-1: Called Strike 1-2: Strikes out swinging
|
|
Batting: SHB Bruce Shelton
|
0-0: Ball 1-0: Fly out, F8 (Line Drive, 8LM, EV 86.9 MPH)
|
| Bottom of the 4th over - 2 runs, 2 hits, 0 errors, 0 left on base; Windy City 0 - Niagara Falls 2 |
| TOP OF THE 5TH |
|
Windy City ThunderBolts batting - Pitching for Niagara Falls Phantoms : LHP Brendan Thompson
|
|
Batting: RHB Donovan Deason
|
0-0: Ball 1-0: Called Strike 1-1: Foul Ball, location: 2F 1-2: SINGLE (Groundball, 6M, EV 87.5 MPH) (infield hit)
|
|
Batting: RHB Klaus Brown
|
0-0: Called Strike 0-1: Ball 1-1: Ball 2-1: Foul Ball, location: 2F 2-2: Strikes out swinging
|
|
Batting: RHB Nhat Phong
|
0-0: Ball 1-0: Called Strike 1-1: SINGLE (Groundball, 56D, EV 109.4 MPH) Donovan Deason to second
|
|
Batting: RHB Sim Damit
|
0-0: Foul Ball, location: 2F 0-1: Ball 1-1: Ball 2-1: Called Strike 2-2: Ball 3-2: Foul Ball, location: 2F 3-2: Strikes out swinging
|
|
Batting: RHB Joe Thomas
|
0-0: Foul Ball, location: 2F 0-1: Ball 1-1: Hit by Pitch Donovan Deason to third Nhat Phong to second
|
|
Batting: SHB Dan Strickland
|
0-0: Foul Ball, location: 2F 0-1: Ball 1-1: Ball 2-1: Called Strike 2-2: Foul Ball, location: 2F 2-2: Foul Ball, location: 2F 2-2: Foul Ball, location: 2F 2-2: Fly out, F7 (Flyball, 78S, EV 86.9 MPH)
|
| Top of the 5th over - 0 runs, 2 hits, 0 errors, 3 left on base; Windy City 0 - Niagara Falls 2 |
| BOTTOM OF THE 5TH |
|
Niagara Falls Phantoms batting - Pitching for Windy City ThunderBolts : RHP Jonathan Whisonant
|
|
Batting: RHB Donald DeLisio
|
0-0: Ground out 6-3 (Groundball, 6, EV 88.8 MPH)
|
|
Batting: RHB Tatsuro Hamasaki
|
0-0: Called Strike 0-1: Ball 1-1: Fly out, F7 (Line Drive, 78M, EV 86.2 MPH)
|
|
Batting: SHB Ramon Werman
|
0-0: Called Strike 0-1: Ball 1-1: Foul Ball, location: 2F 1-2: Foul Ball, location: 2F 1-2: Strikes out looking
|
| Bottom of the 5th over - 0 runs, 0 hits, 0 errors, 0 left on base; Windy City 0 - Niagara Falls 2 |
| TOP OF THE 6TH |
|
Windy City ThunderBolts batting - Pitching for Niagara Falls Phantoms : LHP Brendan Thompson
|
|
Batting: RHB Eddie Dimas
|
0-0: Called Strike 0-1: Ground out 4-3 (Groundball, 34, EV 81.2 MPH)
|
|
Batting: RHB Bellchior Osuna
|
0-0: Called Strike 0-1: Ball 1-1: Foul Ball, location: 2F 1-2: Strikes out swinging
|
|
Batting: RHB Paul Holland
|
0-0: Called Strike 0-1: Ball 1-1: Ball 2-1: Fly out, F9 (Flyball, 9LM, EV 84.4 MPH)
|
| Top of the 6th over - 0 runs, 0 hits, 0 errors, 0 left on base; Windy City 0 - Niagara Falls 2 |
| BOTTOM OF THE 6TH |
|
Niagara Falls Phantoms batting - Pitching for Windy City ThunderBolts : RHP Jonathan Whisonant
|
|
Batting: RHB Alfredo Mendez
|
0-0: Fly out, F7 (Flyball, 7S, EV 90.6 MPH)
|
|
Batting: LHB Pete Cook
|
0-0: Called Strike 0-1: Fly out, F7 (Line Drive, 78M, EV 92.5 MPH)
|
|
Batting: RHB Chris Horton
|
0-0: DOUBLE (Groundball, 5L, EV 104.4 MPH)
|
|
Batting: RHB Peter Frankel
|
0-0: Called Strike 0-1: Ball 1-1: Ball 2-1: Ground out 6-3 (Groundball, 6, EV 85.0 MPH)
|
| Bottom of the 6th over - 0 runs, 1 hit, 0 errors, 1 left on base; Windy City 0 - Niagara Falls 2 |
| TOP OF THE 7TH |
|
Windy City ThunderBolts batting - Pitching for Niagara Falls Phantoms : LHP Brendan Thompson
|
|
Batting: RHB Donovan Deason
|
0-0: Swinging Strike 0-1: Foul Ball, location: 2F 0-2: Ball 1-2: Foul Ball, location: 2F 1-2: Strikes out swinging
|
|
Batting: RHB Klaus Brown
|
0-0: DOUBLE (Line Drive, 78D, EV 107.5 MPH)
|
|
Batting: RHB Nhat Phong
|
0-0: Ball 1-0: Ball 2-0: Foul Ball, location: 2F 2-1: Fly out, F5 (Line Drive, 5L, EV 68.8 MPH)
|
|
Batting: RHB Sim Damit
|
0-0: Fly out, F8 (Flyball, 8RD, EV 90.0 MPH)
|
| Top of the 7th over - 0 runs, 1 hit, 0 errors, 1 left on base; Windy City 0 - Niagara Falls 2 |
| BOTTOM OF THE 7TH |
|
Niagara Falls Phantoms batting - Pitching for Windy City ThunderBolts : RHP Jonathan Whisonant
|
|
Pinch Hitting: RHB Ben Underwood
|
0-0: Ground out 6-3 (Groundball, 6M, EV 108.1 MPH)
|
|
Batting: SHB Bruce Shelton
|
0-0: Ground out 4-3 (Groundball, 4, EV 79.4 MPH)
|
|
Batting: RHB Todd Wolters
|
0-0: Ground out 4-3 (Groundball, 4, EV 108.8 MPH)
|
| Bottom of the 7th over - 0 runs, 0 hits, 0 errors, 0 left on base; Windy City 0 - Niagara Falls 2 |
| TOP OF THE 8TH |
|
Windy City ThunderBolts batting - Pitching for Niagara Falls Phantoms : LHP Brendan Thompson
|
|
Now at 1B: Ben Underwood
|
|
|
Now in LF: Hui Li
|
|
|
Now in RF: Tatsuro Hamasaki
|
|
|
Batting: RHB Joe Thomas
|
0-0: Called Strike 0-1: Ground out U3 (Groundball, 3, EV 85.0 MPH)
|
|
Batting: SHB Dan Strickland
|
0-0: Ball 1-0: Called Strike 1-1: Foul Ball, location: 2F 1-2: Foul Ball, location: 2F 1-2: Fly out, F7 (Flyball, 7, EV 87.5 MPH)
|
|
Batting: RHB Eddie Dimas
|
0-0: Ball 1-0: Foul Ball, location: 2F 1-1: Ball 2-1: Ball 3-1: SINGLE (Line Drive, 4D, EV 95.0 MPH)
|
|
Batting: RHB Bellchior Osuna
|
0-0: Called Strike 0-1: Ball 1-1: Swinging Strike 1-2: Ball Wild Pitch! Eddie Dimas to second 2-2: Strikes out swinging
|
| Top of the 8th over - 0 runs, 1 hit, 0 errors, 1 left on base; Windy City 0 - Niagara Falls 2 |
| BOTTOM OF THE 8TH |
|
Niagara Falls Phantoms batting - Pitching for Windy City ThunderBolts : RHP Jonathan Whisonant
|
|
Batting: RHB Tatsuro Hamasaki
|
0-0: Ball 1-0: Foul Ball, location: 2F 1-1: Ball 2-1: Called Strike 2-2: Fly out, F9 (Flyball, 9LD, EV 101.2 MPH)
|
|
Batting: SHB Ramon Werman
|
0-0: Called Strike 0-1: Foul Ball, location: 2F 0-2: Strikes out swinging
|
|
Batting: RHB Alfredo Mendez
|
0-0: Called Strike 0-1: SOLO HOME RUN (Flyball, 7LD, EV 95.6 MPH), Distance : 345 ft
|
|
Pinch Hitting: RHB Brian Biordi
|
0-0: Foul Ball, location: 2F 0-1: Ball 1-1: Swinging Strike 1-2: SINGLE (Line Drive, 56, EV 100.0 MPH)
|
|
Batting: RHB Chris Horton
|
0-0: Ball 1-0: Foul Ball, location: 2F 1-1: Ball 2-1: Fielders Choice at 2nd, 6-4 (Groundball, 6, EV 98.8 MPH)
|
| Bottom of the 8th over - 1 run, 2 hits, 0 errors, 1 left on base; Windy City 0 - Niagara Falls 3 |
| TOP OF THE 9TH |
|
Windy City ThunderBolts batting - Pitching for Niagara Falls Phantoms : LHP Brendan Thompson
|
|
Pitching: RHP Ronnie Seymour
|
|
|
Now in LF: Luis Ponce
|
|
|
Batting: RHB Paul Holland
|
0-0: Ball 1-0: Swinging Strike 1-1: Foul Ball, location: 2F 1-2: Strikes out swinging
|
|
Batting: RHB Donovan Deason
|
0-0: Ball 1-0: Swinging Strike 1-1: Foul Ball, location: 2F 1-2: Strikes out looking
|
|
Batting: RHB Klaus Brown
|
0-0: Ball 1-0: Ball 2-0: Foul Ball, location: 2F 2-1: Fly out, F8 (Line Drive, 89D, EV 86.2 MPH)
|
| Top of the 9th over - 0 runs, 0 hits, 0 errors, 0 left on base; Windy City 0 - Niagara Falls 3 |
|